Workbook

Sheet Lookup_Data
A1: Product ID | B1: Description | C1: Cost | D1: Retail | E1: Margin | F1: Markup % | H1: Company | I1: Service Charge
A2: CMP-006 | B2: Acetaminophen | C2: 2.5 | D2: 3.99 | H2: Green Cross | I2: 0.02
A3: CMP-001 | B3: Tongue depressor | C3: 0.55 | D3: 1.99 | H3: IrisMed | I3: 0.0215
A4: CMP-002 | B4: Cough drops | C4: 0.85 | D4: 1.29 | H4: Medeye | I4: 0.0175
A5: CMP-003 | B5: Nasal spray | C5: 3.45 | D5: 5.99 | H5: Westville | I5: 0.02
A6: CMP-004 | B6: Antiseptic wash | C6: 2.75 | D6: 4.99
A7: CMP-005 | B7: Disinfectant wipes | C7: 1.25 | D7: 3.99
A8: CMP-007 | B8: Bandage, 1 inch strips | C8: 1.25 | D8: 3.99
A9: CMP-008 | B9: Bandage, 2 inch strips | C9: 1.25 | D9: 3.99
A10: CMP-009 | B10: Bandage, assorted | C10: 1.75 | D10: 4.99
A11: CMP-010 | B11: Ibuprofen | C11: 2.5 | D11: 3.99
A12: CMP-011 | B12: Cough syrup | C12: 2.25 | D12: 4.99
A13: CMP-012 | B13: Antibiotic ointment | C13: 2.25 | D13: 5.99
A14: CMP-013 | B14: Moisture lotion | C14: 1.55 | D14: 4.99
A15: CMP-014 | B15: Dandruff shampoo | C15: 2.75 | D15: 5.99
A16: CMP-015 | B16: Insect bite gel | C16: 3.55 | D16: 6.99

Sheet Pharmacy
A2: CMP Pharmacy Inventory
A4: Product ID | B4: Description | C4: Cost | D4: Retail | E4: Margin | F4: Quantity | H4: Product with Quantity
A5: CMP-006 | B5: Acetaminophen | F5: 12
A6: CMP-012 | B6: Antibiotic ointment | F6: 8
A7: CMP-004 | B7: Antiseptic wash | F7: 7
A8: CMP-007 | B8: Bandage, 1 inch strips | F8: 10
A9: CMP-008 | B9: Bandage, 2 inch strips | F9: 5
A10: CMP-009 | B10: Bandage, assorted | F10: 8
A11: CMP-002 | B11: Cough drops | F11: 12
A12: CMP-011 | B12: Cough syrup | F12: 9
A13: CMP-014 | B13: Dandruff shampoo | F13: 5
A14: CMP-005 | B14: Disinfectant wipes | F14: 15
A15: CMP-010 | B15: Ibuprofen | F15: 8
A16: CMP-015 | B16: Insect bite gel | F16: 15
... A19: CMP-001 | B19: Tongue depressor | F19: 6
B21: Total Value at Cost
B22: Total Value at Retail
B25: Number of products
B26: Median retail price
B27: Most common cost

Sheet Optometry
A2: CMP Optometry
A4: Patient ID | B4: Last Visit | C4: Insurance | D4: Prescription Type | E4: Billed | F4: Patient Share | G4: Insurance Pending
A5: OP0001 | B5: 44258 | C5: Medeye | D5: Gas Permeable | E5: 525 | F5: 50
A6: OP0002 | B6: 44687 | C6: IrisMed | D6: Soft | E6: 345 | F6: 50
A7: OP0003 | B7: 44420 | C7: Medeye | D7: Glasses | E7: 235 | F7: 75
A8: OP0004 | B8: 44290 | C8: Westville | D8: Glasses | E8: 275 | F8: 75
A9: OP0005 | B9: 44385 | C9: Medeye | D9: Soft | E9: 350 | F9: 50
A10: OP0006 | B10: 43862 | C10: IrisMed | D10: Soft | E10: 350 | F10: 100
A11: OP0007 | B11: 43897 | C11: IrisMed | D11: Soft | E11: 350 | F11: 100
A12: OP0008 | B12: 44533 | C12: Westville | D12: Gas Permeable | E12: 525 | F12: 75
A13: OP0009 | B13: 44446 | C13: Green Cross | D13: Gas Permeable | E13: 525 | F13: 50
A14: OP0010 | B14: 44058 | C14: Green Cross | D14: Soft | E14: 375 | F14: 75
A15: OP0011 | B15: 44514 | C15: Green Cross | D15: Soft | E15: 375 | F15: 100
A16: OP0012 | B16: 43990 | C16: IrisMed | D16: Soft | E16: 350 | F16: 100
... A24: OP0020 | B24: 44474 | C24: Medeye | D24: Glasses | E24: 450 | F24: 100
B27: Total Pending by Company | C27: Green Cross
C28: IrisMed
C29: Medeye
C30: Westville

Sheet Insurance
A1: CMP Optometry
B2: Billed Insurance and Service Fee
B4: Bill Date | C4: Insurance | D4: Amount | E4: Service | F4: Total with Service Charge
B5: =TODAY() -> 44446 | C5: IrisMed | D5: 525 | E5: =VLOOKUP(C5,Lookup_Data!$H$2:$I$5,2,FALSE) -> 0.0215
B6: =B5+1 -> 44447 | C6: Green Cross | D6: 345 | E6: =VLOOKUP(C6,Lookup_Data!$H$2:$I$5,2,FALSE) -> 0.02
C7: Medeye | D7: 235 | E7: =VLOOKUP(C7,Lookup_Data!$H$2:$I$5,2,FALSE) -> 0.0175
C8: IrisMed | D8: 275 | E8: =VLOOKUP(C8,Lookup_Data!$H$2:$I$5,2,FALSE) -> 0.0215
C9: Westville | D9: 350 | E9: =VLOOKUP(C9,Lookup_Data!$H$2:$I$5,2,FALSE) -> 0.02
C10: Westville | D10: 350 | E10: =VLOOKUP(C10,Lookup_Data!$H$2:$I$5,2,FALSE) -> 0.02
C11: IrisMed | D11: 350 | E11: =VLOOKUP(C11,Lookup_Data!$H$2:$I$5,2,FALSE) -> 0.0215
C12: Medeye | D12: 525 | E12: =VLOOKUP(C12,Lookup_Data!$H$2:$I$5,2,FALSE) -> 0.0175
C13: Medeye | D13: 525 | E13: =VLOOKUP(C13,Lookup_Data!$H$2:$I$5,2,FALSE) -> 0.0175
C14: Medeye | D14: 375 | E14: =VLOOKUP(C14,Lookup_Data!$H$2:$I$5,2,FALSE) -> 0.0175
C15: Medeye | D15: 375 | E15: =VLOOKUP(C15,Lookup_Data!$H$2:$I$5,2,FALSE) -> 0.0175
C16: Green Cross | D16: 350 | E16: =VLOOKUP(C16,Lookup_Data!$H$2:$I$5,2,FALSE) -> 0.02
C17: Westville | D17: 475 | E17: =VLOOKUP(C17,Lookup_Data!$H$2:$I$5,2,FALSE) -> 0.02
C18: IrisMed | D18: 345 | E18: =VLOOKUP(C18,Lookup_Data!$H$2:$I$5,2,FALSE) -> 0.0215
... C24: Green Cross | D24: 450 | E24: =VLOOKUP(C24,Lookup_Data!$H$2:$I$5,2,FALSE) -> 0.02

Sheet CMP Financial
A2: CMP Financial
A3: Two-Year Patient Payment Plan
A4: Amount Financed | B4: Payment @ 2.75% | C4: Payment @ 3.25%
A5: 500
A6: 600
A7: 700
A8: 800
A9: 900
A10: 1000
